 Dungeon Crawl Stone Soup version 0.20-a0-1015-g2ec8a95 (webtiles) character file.

184 Gorglomux the Skirmisher (level 5, -3/48 HPs)
             Began as a Draconian Air Elementalist on Apr 15, 2017.
             Killed from afar by an orc wizard (9 damage)
             ... with a puff of flame
             ... on level 3 of the Dungeon.
             The game lasted 00:09:04 (2324 turns).

Gorglomux the Skirmisher (DrAE)                     Turns: 2324, Time: 00:09:05

Health: -3/48      AC:  5    Str: 12    XL:     5   Next: 36%
Magic:  2/8        EV: 11    Int: 15    God:
Gold:   120        SH:  0    Dex: 11    Spells: 7/8 levels left

rFire    . . .     SeeInvis .   i - +1 spear (freeze)
rCold    + . .     Gourm    +   (no shield)
rNeg     . . .     Faith    .   (armour unavailable)
rPois    .         Spirit   .   (helmet restricted)
rElec    .         Reflect  .   s - scarf {rC+}
rCorr    .         Harm     .   (no gloves)
MR       .....                  (no boots)
Stlth    +.........             l - amulet of the gourmand
Regen    0.2/turn               (no ring)
MPRegen  0.2/turn               (no ring)

@: confused, very slightly contaminated, heavily drained
A: unfitting armour, cold-blooded, AC +5
a: no special abilities


You were on level 3 of the Dungeon.
You were completely stuffed.

You visited 1 branch of the dungeon, and saw 3 of its levels.

You collected 120 gold pieces.

Inventory:

Hand Weapons
 h - a +0 spear
 i - a +1 spear of freezing (weapon)
Armour
 s - a scarf of cold resistance (worn)
Jewellery
 l - an amulet of the gourmand (around neck)
Scrolls
 e - 3 scrolls of teleportation {unknown}
 f - 5 scrolls of identify {unknown}
 g - 4 scrolls of remove curse
 m - a scroll of enchant weapon {unknown}
Potions
 c - 2 potions of might {unknown}
 j - a potion of curing {unknown}
 k - a potion of invisibility {unknown}
 n - a potion of resistance {unknown}
 q - a potion of flight {unknown}
 u - a potion of agility {unknown}
 v - a potion of degeneration {unknown}
Books
 a - a book of Air

   Spells                             Type                      Level
   a - Shock                          Conjuration/Air              1
   b - Swiftness                      Charms/Air                   2
   c - Static Discharge               Conjuration/Air              3
   d - Airstrike                      Air                          4
   e - Lightning Bolt                 Conjuration/Air              5
Comestibles
 b - 2 bread rations
 o - a fruit
 p - 5 chunks of flesh
 r - 2 meat rations
 t - a royal jelly


   Skills:
 + Level 5.0(3.0) Fighting
 + Level 2.2(0.4) Polearms
 - Level 1.7(0.0) Dodging
 - Level 1.7(0.0) Stealth
 - Level 2.0(0.2) Spellcasting
 - Level 1.0(0.0) Conjurations
 - Level 3.0(1.1) Air Magic


You had 7 spell levels left.
You knew the following spells:

 Your Spells              Type           Power        Failure   Level  Hunger
a - Shock                 Conj/Air       #...         21%         1    ##.....


Dungeon Overview and Level Annotations

Branches:
Dungeon (3/15)

Altars:


Innate Abilities, Weirdness & Mutations

Your plain brown scales are hard. (AC +5)
You cannot fit into any form of body armour.
You are cold-blooded and may be slowed by cold attacks.


Message History

Unknown command.
Something hits you but does no damage.
The orc hits you from afar with a trident.
You feel less confused.
You hear some strange, mumbled words.
You are confused.
The orc hits you but does no damage.
You hear some strange, mumbled words.
A puff of flame appears from out of thin air!
The puff of flame hits you!
* * * LOW HITPOINT WARNING * * *
The orc barely misses you.
You bump into the rock wall.
The orc hits you from afar with a trident.
* * * LOW HITPOINT WARNING * * *
You're too confused to move!
You hear some strange, mumbled words.
A puff of flame appears from out of thin air!
The puff of flame hits you!
You die...

###.#.# #. #..# #..#..#.. #.# #.
#..# ##..#..... .# #.#.####..#
#......#.# #.#.......#.#...#..#.#
############.######........#.....
....................##.#...##.#..
##).##.......oo........^.(.).....
.#..##.######.#.#######..........
.#..##.# #)#.@................
.#..##.# #o###########..###.#.
.#..##.# #)# .........#. .#..##.#
#.# ###.######. .#..##.# #.#
#######....รท.... .#..##.# #..
.........#######
....##.#################.##
.........................#
.##.####################.#


You could see 2 orcs.

Vanquished Creatures
  An orc wizard (D:3)
  A gnoll (D:1)
  4 adders (D:2)
  An ooze (D:1)
  5 worms
  2 dart slugs
  4 leopard geckos
  11 orcs (D:3)
  3 giant cockroaches
  2 hobgoblins
  11 kobolds
  2 quokkas (D:2)
  2 ball pythons
  7 bats
  3 frilled lizards
  4 goblins
  14 rats
77 creatures vanquished.

Notes
Turn   | Place    | Note
-------+----------+-------------------------------------------
     0 | D:1      | Gorglomux the Draconian Air Elementalist began the quest for the Orb.
     0 | D:1      | Reached XP level 1. HP: 14/14 MP: 3/3
   106 | D:1      | Reached skill level 1 in Fighting
   194 | D:1      | Reached XP level 2. HP: 10/24 MP: 1/5
   299 | D:1      | Reached skill level 2 in Fighting
   661 | D:1      | Reached XP level 3. HP: 30/30 MP: 6/6
   682 | D:1      | Reached skill level 3 in Fighting
   987 | D:2      | Reached skill level 4 in Fighting
  1055 | D:2      | Reached XP level 4. HP: 31/40 MP: 4/7
  1203 | D:2      | Reached skill level 1 in Polearms
  1819 | D:3      | Reached XP level 5. HP: 30/47 MP: 1/8
  2223 | D:3      | Reached skill level 5 in Fighting
  2324 | D:3      | Killed from afar by an orc wizard

Vault maps used:
D:1:      evilmike_arrival_plus
D:3:      minivault_5, roderic_lattice_a

Skill      XL: |  1  2  3  4  5 |
---------------+----------------+-----
Fighting       | 1 2 4 5 |  5.0
Polearms       | 2 |  2.2
Dodging        | |  1.7
Stealth        | |  1.7
Spellcasting   | |  2.0
Conjurations   | |  1.0
Air Magic      | |  3.0

Action                   |  1- 3 |  4- 6 || total
-------------------------+-------+-------++-------
Melee: Unarmed           |    26 |       ||    26
       Tailslap          |     5 |     4 ||     9
       Spear             |    43 |    83 ||   126
 Cast: Shock             |    36 |    61 ||    97
  Use: Scroll            |       |     1 ||     1
 Stab: Sleeping          |     4 |     6 ||    10
       Distracted        |     1 |       ||     1
  Eat: Chunk             |     7 |    12 ||    19
Armor: Skin              |    22 |    24 ||    46
Dodge: Dodged            |    38 |    47 ||    85
